 Dungeon Crawl Stone Soup version 0.30.0-15-g856e2d3f33 (console) character file.

Game seed: 9707730712087351977

110436 jejorda2 the Impaler (level 16, -14/127 HPs)
             Began as a Merfolk Berserker on May 19, 2023.
             Was an Elder of Trog.
             Killed from afar by a deep elf pyromancer (27 damage)
             ... with a bolt of fire
             ... on level 15 of the Dungeon.
             The game lasted 01:11:52 (21253 turns).

jejorda2 the Impaler (Merfolk Berserker)           Turns: 21253, Time: 01:11:53

Health: -14/127    AC: 19    Str: 29    XL:     16   Next: 55%
Magic:  16/16      EV: 11    Int:  7    God:    Trog [****..]
Gold:   1620       SH:  8    Dex: 18    Spells: 15/15 levels left

rFire   . . .        a - +8 mithril axe "Arga" {speed, Will+}
rCold   . . .        W - +0 kite shield
rNeg    + + .        U - +0 leather armour
rPois   +            B - +1 helmet of Greater Demons {rPois rN+ Slay+5}
rElec   .            S - +3 cloak of Ygilatock {rPois rN+ SInv}
rCorr   .            (no gloves)
SInv    +            p - +2 pair of boots {rampage}
Will    ++...        x - amulet of the acrobat
Stlth   +            X - +6 ring of strength
HPRegen 0.41/turn    h - ring of Tunom {AC+4 Dex+3}
MPRegen 0.15/turn

%: acrobat, rampage
@: no status effects
A: (nimble swimmer 2), mertail
a: Renounce Religion, Berserk, Trog's Hand, Brothers in Arms


You were on level 15 of the Dungeon.
You worshipped Trog.
Trog was greatly pleased with you.
You visited 2 branches of the dungeon, and saw 20 of its levels.
You also visited: Gauntlet and Volcano.

You collected 1620 gold pieces.

Inventory:

Hand Weapons
 a - the +8 mithril axe "Arga" (weapon) {speed, Will+}
   (You found it in a Gauntlet)

   Will:      It increases your willpower.
 b - a +1 trident of venom
Missiles
 c - 2 throwing nets
 g - 129 stones (quivered)
 s - 31 poisoned darts
 z - a boomerang
 C - 4 silver javelins
 K - 2 boomerangs of dispersal
 Q - 5 curare-tipped darts
Armour
 p - a +2 pair of boots of rampaging (worn)
 B - the +1 helmet of Greater Demons (worn) {rPois rN+ Slay+5}
   (You found it in a Gauntlet)

   Slay:      It affects your accuracy & damage with ranged weapons and melee
   (+5).
   rPois:     It protects you from poison.
   rN:        It protects you from negative energy.
 S - the +3 cloak of Ygilatock (worn) {rPois rN+ SInv}
   (You acquired it in a Gauntlet)

   rPois:     It protects you from poison.
   rN:        It protects you from negative energy.
   SInv:      It lets you see invisible.
 U - a +0 leather armour (worn)
 V - a +4 plate armour of fire resistance
 W - a +0 kite shield (worn)
Jewellery
 f - a ring of flight
 h - the ring of Tunom (right hand) {AC+4 Dex+3}
   (You found it on level 5 of the Lair of Beasts)

   [ring of protection]

   AC:        It affects your AC (+4).
   Dex:       It affects your dexterity (+3).
 x - an amulet of the acrobat (around neck)
 H - a ring of protection from fire
 L - a ring of ice
 R - a ring of resist corrosion
 X - a +6 ring of strength (left hand)
Wands
 u - a wand of charming (26)
 y - a wand of flame (56)
 A - a wand of roots (7)
 N - a wand of acid (5)
 O - a wand of mindburst (8)
Scrolls
 i - a scroll of butterflies
 m - 4 scrolls of fog
 o - 6 scrolls of blinking
 v - 3 scrolls of silence
 E - 5 scrolls of poison
 G - 4 scrolls of magic mapping
 I - 4 scrolls of teleportation
 J - a scroll of fear
 P - a scroll of immolation
Potions
 d - 9 potions of mutation
 e - 6 potions of might
 j - 4 potions of invisibility
 k - 8 potions of curing
 l - 2 potions of attraction
 n - 5 potions of heal wounds
 q - 7 potions of flight
 D - 6 potions of haste
 F - 2 potions of resistance
 M - 2 potions of cancellation
Miscellaneous
 r - a condenser vane
 t - a lightning rod (4/4)
 T - a phial of floods (inert)


   Skills:
 - Level 12.0 Fighting
 * Level 8.5(12.0) Axes
 - Level 20.0(21.3) Polearms
 + Level 11.8 Throwing
 - Level 11.0 Armour
 - Level 2.6 Dodging
 + Level 0.5 Shields
 - Level 6.0 Evocations


You had 15 spell levels left.
You didn't know any spells.
Your spell library was empty.

Dungeon Overview and Level Annotations

Branches:
Dungeon (15/15)            Temple (0/1) D:7            Lair (5/5) D:10
 Shoals (0/4) Lair:2        Snake (0/4) Lair:2        Slime (0/5) Lair:5
    Orc (0/2) D:10         Vaults (0/5) D:14        Volcano (visited)
Gauntlet (visited)
 Depths: D:15

Altars:
Elyvilon
Nemelex Xobeh
Uskayaw
Vehumet
Xom
Yredelemnul
The Shining One


Innate Abilities, Weirdness & Mutations

((You are very nimble when in or above water. (Stealth+, EV+, Speed+++)))
Your lower body shifts to a powerful aquatic tail in water.


Message History

You feel sick. The cyclops hits you.
You slice the cyclops!!
You kill the cyclops!
Trog accepts your kill.
You feel sick.
You feel sick.
You feel sick.
You feel sick.
You feel sick.
You are no longer poisoned.
A deep elf pyromancer is nearby!
The deep elf pyromancer casts a spell at you.
The sticky flame hits you but does no damage.
You are covered in liquid flames!
You are covered in liquid flames!
* * * LOW HITPOINT WARNING * * *
You are no longer on fire.
You hit the deep elf pyromancer.
The deep elf pyromancer is lightly wounded.
The deep elf pyromancer hits you but does no damage.
You slash the deep elf pyromancer!
The deep elf pyromancer is moderately wounded.
The deep elf pyromancer mumbles some strange words.
The deep elf pyromancer blinks!
You rampage towards the deep elf pyromancer!
You completely miss the deep elf pyromancer.
The deep elf pyromancer is lightly wounded.
The deep elf pyromancer casts a spell at you.
The bolt of fire hits you!!
* * * LOW HITPOINT WARNING * * *
You slice the deep elf pyromancer!!
The deep elf pyromancer is severely wounded.
The deep elf pyromancer misses you.
You barely miss the deep elf pyromancer.
The deep elf pyromancer is severely wounded.
You hit the deep elf pyromancer.
The deep elf pyromancer is almost dead.
The deep elf pyromancer points at you and mumbles some strange words.
The bolt of fire hits you!!
You die...

##..#.#.#...#
#...........##
#...#.##......
#.#.........#
#..<........#
#####....### ##
#####.##### ..
#......)).####.#.#.#
#.###.#.).e@.......#
#.#.....##.#...#
#.#........# .
.(#..$..##.#
###...(.# ..
###.#...# ...
#.##.## .. ..# ## .
##..


You could see a deep elf pyromancer.

Vanquished Creatures
  Jorgrun (D:12)
  Kirke (D:12)
  A balrug (Gauntlet)
  Nessos (D:14)
  A minotaur (Gauntlet)
  Snorg (D:14)
  Josephine (D:14)
  Fannar (Lair:2)
  An ice dragon (D:12)
  A vault guard (D:14)
  9 hydras
  3 centaur warriors
  2 catoblepae
  4 two-headed ogres
  A death knight (D:14)
  4 boulder beetles
  A deep troll shaman (Lair:5)
  3 tengu warriors (D:14)
  4 death yaks (Lair:5)
  Sonja (Lair:4)
  10 skeletal warriors (D:13)
  A skyshark (Lair:4)
  A sixfirhy (Gauntlet)
  3 harpies (Lair:2)
  A deep elf archer (Volcano)
  9 deep elf pyromancers (Volcano)
  A phantasmal warrior (Lair:3)
  7 ugly things
  A lindwurm (Lair:2)
  The ghost of Liamsmithers the Cudgeller, a novice DsBe of Trog (D:5)
  7 cyclopes
  4 manticores
  3 elephants (Lair:5)
  2 molten gargoyles (Lair:3)
  3 black mambas
  Maurice (D:12)
  A torpor snail (Lair:3)
  11 cane toads
  3 gargoyles
  A minotaur zombie (Gauntlet)
  2 unseen horrors
  2 kobold demonologists
  A rime drake (Lair:5)
  A yaktaur (D:12)
  A tengu conjurer (D:13)
  4 komodo dragons
  A komodo dragon (shapeshifter) (D:14)
  A freezing wraith (D:14)
  10 trolls
  3 meliai (D:15)
  5 polar bears
  3 dream sheep (Lair:3)
  30 blink frogs
  A raiju (Gauntlet)
  A raiju (shapeshifter) (D:13)
  13 slime creatures
  6 wraiths
  A shadow (D:13)
  A wyvern (D:6)
  16 yaks
  A human (Lair:3)
  2 hogs (D:12)
  5 fire elementals (Volcano)
  7 basilisks
  3 steam dragons
  3 vampire mosquitoes (D:11)
  6 hell hounds
  3 acid dragons
  9 water moccasins
  2 sky beasts
  An ogre (D:6)
  7 orc warriors
  6 black bears
  2 ice beasts
  15 wolves
  A boggart (D:12)
  8 centaurs
  The ghost of dolemite99 the Caller, an amateur BaSu (D:3)
  2 phantoms
  5 bullfrogs
  2 gnoll sergeants
  3 scorpions
  8 wights
  6 killer bees (D:9)
  14 howler monkeys
  An electric eel (D:10)
  5 lava snakes (Lair:3)
  2 jellies
  Crazy Yiuf (D:3)
  2 gnoll boudas
  8 hounds
  5 orc priests
  5 iguanas
  7 orc wizards
  5 sleepcaps
  9 adders
  23 gnolls
  A shadow imp (D:6)
  4 ufetubi
  3 dart slugs
  57 orcs
  3 endoplasms
  3 giant cockroaches
  11 goblins
  8 hobgoblins
  2 jackals (D:2)
  8 kobolds
  3 quokkas
  10 ball pythons
  10 bats
  3 frilled lizards
  4 rats
541 creatures vanquished.

Vanquished Creatures (collateral kills)
  A death yak (Lair:5)
  A yak (Lair:5)
2 creatures vanquished.

Vanquished Creatures (others)
  4 humans (D:13)
  A centaur (D:13)
5 creatures vanquished.

Grand Total: 548 creatures vanquished

Notes
Turn   | Place    | Note
-------+----------+-------------------------------------------
     0 | D:1      | jejorda2 the Merfolk Berserker began the quest for the Orb.
     0 | D:1      | Reached XP level 1. HP: 18/18 MP: 1/1
    64 | D:1      | Reached XP level 2. HP: 24/24 MP: 2/2
   208 | D:1      | Reached skill level 5 in Polearms
   266 | D:1      | Reached XP level 3. HP: 30/30 MP: 3/3
   326 | D:1      | Reached ** piety under Trog
  1272 | D:2      | Found a faded altar of an unknown god.
  1400 | D:3      | Found a runed translucent door.
  1401 | D:3      | Noticed Crazy Yiuf
  1409 | D:3      | Killed Crazy Yiuf
  1410 | D:3      | Reached XP level 4. HP: 37/37 MP: 4/4
  1514 | D:3      | Reached skill level 6 in Polearms
  1539 | D:3      | Found a runed translucent door.
  1539 | D:3      | Noticed dolemite99's ghost (amateur BaSu)
  1576 | D:3      | Killed dolemite99's ghost
  1577 | D:3      | Reached XP level 5. HP: 43/43 MP: 5/5
  1655 | D:3      | Reached skill level 7 in Polearms
  1786 | D:3      | Reached skill level 5 in Fighting
  1786 | D:3      | Reached XP level 6. HP: 41/51 MP: 6/6
  1981 | D:3      | Found a basalt altar of Yredelemnul.
  2677 | D:4      | Reached skill level 8 in Polearms
  2760 | D:4      | Reached *** piety under Trog
  2808 | D:4      | Reached XP level 7. HP: 51/56 MP: 7/7
  2918 | D:4      | Reached skill level 9 in Polearms
  3169 | D:4      | Found a white marble altar of Elyvilon.
  3249 | D:4      | Reached skill level 10 in Polearms
  3452 | D:5      | Entered Level 5 of the Dungeon
  3462 | D:5      | Reached XP level 8. HP: 59/64 MP: 8/8
  3526 | D:5      | Reached skill level 11 in Polearms
  3931 | D:5      | Reached skill level 12 in Polearms
  4086 | D:5      | Found a runed translucent door.
  4086 | D:5      | Noticed Liamsmithers's ghost (novice DsBe)
  4101 | D:5      | Killed Liamsmithers's ghost
  4102 | D:5      | Reached skill level 13 in Polearms
  4102 | D:5      | Reached XP level 9. HP: 50/69 MP: 9/9
  4339 | D:6      | Reached **** piety under Trog
  4344 | D:6      | Reached skill level 14 in Polearms
  4402 | D:6      | Reached skill level 15 in Polearms
  5335 | D:7      | Found a staircase to the Ecumenical Temple.
  5337 | D:7      | Reached skill level 16 in Polearms
  5348 | D:7      | Reached XP level 10. HP: 61/76 MP: 10/10
  5539 | D:7      | Found a shimmering altar of Xom.
  6039 | D:8      | Found a hide-covered altar of Uskayaw.
  6142 | D:8      | Found a radiant altar of Vehumet.
  6792 | D:9      | Found a sparkling altar of Nemelex Xobeh.
  6794 | D:9      | Noticed a two-headed ogre
  6800 | D:9      | Killed a two-headed ogre
  6801 | D:9      | Reached skill level 5 in Armour
  7457 | D:10     | Entered Level 10 of the Dungeon
  7480 | D:10     | Reached skill level 17 in Polearms
  7528 | D:10     | Noticed a two-headed ogre
  7534 | D:10     | Reached skill level 1 in Evocations
  7539 | D:10     | Killed a two-headed ogre
  7540 | D:10     | Reached XP level 11. HP: 83/83 MP: 11/11
  7750 | D:10     | Noticed a two-headed ogre
  7758 | D:10     | Killed a two-headed ogre
  7831 | D:10     | Found a staircase to the Lair.
  7980 | D:10     | Reached ***** piety under Trog
  8053 | D:10     | Found a staircase to the Orcish Mines.
  8144 | D:10     | Found a glowing golden altar of the Shining One.
  8404 | Lair:1   | Entered Level 1 of the Lair of Beasts
  8508 | Lair:1   | Noticed a catoblepas
  8536 | Lair:1   | Killed a catoblepas
  8537 | Lair:1   | Reached skill level 18 in Polearms
  8861 | Lair:1   | Reached skill level 5 in Evocations
  9645 | Lair:2   | Noticed Fannar
  9663 | Lair:2   | Killed Fannar
  9896 | Lair:2   | Reached XP level 12. HP: 95/95 MP: 12/12
 10018 | Lair:2   | Found a staircase to the Snake Pit.
 10030 | Lair:2   | Reached skill level 1 in Throwing
 10379 | Lair:2   | Reached skill level 19 in Polearms
 10474 | Lair:2   | Found a staircase to the Shoals.
 10484 | Lair:2   | Reached skill level 10 in Fighting
 11329 | Lair:3   | Noticed a four-headed hydra
 11337 | Lair:3   | Killed a four-headed hydra
 11476 | Lair:3   | Noticed a four-headed hydra
 11490 | Lair:3   | Killed a four-headed hydra
 12212 | Lair:3   | Found a runed translucent door.
 12387 | Lair:3   | Noticed a six-headed hydra
 12400 | Lair:3   | Killed a six-headed hydra
 12401 | Lair:3   | Reached skill level 5 in Throwing
 12643 | Lair:3   | Reached XP level 13. HP: 106/106 MP: 13/13
 13105 | Lair:4   | Noticed Sonja
 13126 | Lair:4   | Killed Sonja
 13208 | Lair:4   | Reached skill level 20 in Polearms
 14094 | Lair:5   | Entered Level 5 of the Lair of Beasts
 14530 | Lair:5   | Found a staircase to the Slime Pits.
 14625 | Lair:5   | Found a dark tunnel.
 14635 | Volcano  | Entered a volcano
 14710 | Volcano  | Reached XP level 14. HP: 115/115 MP: 14/14
 15864 | Lair:5   | Identified the ring of Tunom {AC+4 Dex+3}
 15872 | Lair:5   | Identified the +0 leather armour of Action {Str+3}
 15887 | Lair:5   | Reached skill level 10 in Armour
 15887 | Lair:5   | Reached XP level 15. HP: 120/120 MP: 15/15
 16145 | D:11     | Found a gate leading to a gauntlet.
 16152 | Gauntlet | Entered a Gauntlet
 16152 | Gauntlet | Found a transporter.
 16152 | Gauntlet | Found a transporter.
 16152 | Gauntlet | Found a runed translucent gate.
 16152 | Gauntlet | Found a runed translucent door.
 16153 | Gauntlet | Found a runed translucent door.
 16158 | Gauntlet | Found a runed translucent gate.
 16159 | Gauntlet | Found a runed translucent gate.
 16167 | Gauntlet | Found a transporter.
 16171 | Gauntlet | Found a transporter.
 16179 | Gauntlet | Found a transporter.
 16184 | Gauntlet | Found a transporter.
 16193 | Gauntlet | Found a transporter.
 16215 | Gauntlet | Noticed a balrug
 16217 | Gauntlet | Found a transporter.
 16231 | Gauntlet | Found a transporter.
 16235 | Gauntlet | Found a transporter.
 16243 | Gauntlet | Found a transporter.
 16247 | Gauntlet | Found a transporter.
 16609 | Gauntlet | Killed a balrug
 16622 | Gauntlet | Identified a scroll of acquirement
 16622 | Gauntlet | Acquired the +3 cloak of Ygilatock {rPois rN+ SInv}
 16633 | Gauntlet | Identified the +1 helmet of Greater Demons {rPois rN+
                  | Slay+5}
 16657 | Gauntlet | Found the +8 mithril axe "Arga" {speed, Will+}
 16667 | Gauntlet | Identified the +5 broad axe of the Snake Pit {holy, Int+2}
 16988 | D:11     | Reached skill level 1 in Axes
 17144 | D:11     | Identified the +3 plate armour of Achy {Harm rPois rCorr
                  | Dex-5}
 17889 | D:12     | Noticed Jorgrun
 17905 | D:12     | Killed Jorgrun
 17906 | D:12     | Reached skill level 10 in Throwing
 18057 | D:12     | Noticed Maurice
 18065 | D:12     | Killed Maurice
 18321 | D:12     | Reached skill level 5 in Axes
 18608 | D:13     | Noticed Kirke
 18621 | D:12     | Noticed a sphinx
 18622 | D:12     | Killed Kirke
 18814 | D:13     | Reached XP level 16. HP: 127/127 MP: 16/16
 19848 | D:14     | Found a gate to the Vaults.
 19944 | D:14     | Noticed Nessos
 19954 | D:14     | Killed Nessos
 20052 | D:14     | Noticed Snorg
 20059 | D:14     | Killed Snorg
 20164 | D:14     | Found a glowing golden altar of the Shining One.
 20546 | D:14     | Noticed Josephine
 20555 | D:14     | Killed Josephine
 21219 | D:15     | Entered Level 15 of the Dungeon
 21253 | D:15     | Killed from afar by a deep elf pyromancer

Illustrated notes

Levels and vault maps discovered:
D:1:      lightli_arrival_statue_moat, layout_rooms,
          chequers_serial_rivers_micro_a, minmay_misc_feat_iff,
          serial_bayou_pond_e
D:2:      layout_basic, dreamdust_ecumenical_altar_grove,
          hangedman_decor_opposing
D:3:      minmay_chambers_of_threes, layout_basic,
          lemuel_coloured_pillars_altar, hellmonk_ghost_happy_afterlife,
          uniq_crazy_yiuf_cottage
D:4:      layout_cave_pools, mainiacjoe_overflow_alcove_1
D:5:      layout_gridville, gammafunk_ghost_grave
D:6:      layout_cave_pools, serial_column_ruins, column_ruins_circle_small,
          column_ruins_columns_straight, column_ruins_grid_3,
          column_ruins_open_tiny, column_ruins_open_small,
          column_ruins_open_small_water, minmay_holes, grunt_decor_arrowhead
D:7:      layout_rooms, kennysheep_mini_moat, minmay_temple_entry_glass
D:8:      layout_loops_ring, lemuel_doored_altar, vehumet_altar_wand_db
D:9:      layout_loops_corners, nemelex_xobeh_ov_fountains_minmay,
          chequers_serial_rivers_micro_d, solitary_fountain
D:10:     layout_rooms, mainiacjoe_overflow_alcove_4, erik_lair_island,
          hiddenorc2_lemuel
D:11:     layout_basic, gauntlet_entry_generic
D:12:     layout_big_octagon, minmay_the_grid_square_5x5_3x3_mashed
          [minmay_the_grid_square_5x5_doubleslash,
          minmay_the_grid_square_5x5_half_checkered,
          minmay_the_grid_square_5x5_bridge,
          minmay_the_grid_square_5x5_trominoes,
          minmay_the_grid_square_5x5_megaprize_diamond,
          minmay_the_grid_square_5x5_almost_minimal,
          minmay_the_grid_square_5x5_tie,
          minmay_the_grid_square_5x5_fancy_junction,
          minmay_the_grid_square_5x5_comb], uniq_maurice, uniq_jorgrun
D:13:     layout_basic, uniq_kirke
D:14:     layout_irregular_city, david_vaults_5, chequers_avenue,
          serial_park_tiny_1, tso_altar, uniq_josephine, uniq_nessos, uniq_snorg
D:15:     hangedman_depths_entry_civil_slaughter, layout_loops_cross,
          good_gods_mini_temple
Lair:1:   layout_cave_pods, infiniplex_staircase_pool, grunt_megastairs_3
Lair:2:   layout_hall_layers, nicolae_shoals_entry_roost, dummy_snake_entry,
          uniq_fannar
Lair:3:   cheibrodos_magma_flow, layout_concentric_octagons,
          pdpol_lair_cabin_in_the_woods
Lair:4:   layout_long_grid, uniq_sonja
Lair:5:   grunt_lair_end_beastmaster, layout_long_grid, slime_entry_1,
          enter_volcano_3, lemuel_fruit_fields, infiniplex_staircase_pool_2

Skill      XL: |  1  2  3  4  5  6  7  8  9 10 11 12 13 14 15 16 |
---------------+-------------------------------------------------+-----
Polearms       | 5 6 7 8 10 13 16 17 18 19 20 | 20.0
Fighting       | 4 5 6 9 11 12 | 12.0
Armour         | 3 6 8 10 11 | 11.0
Evocations     | 2 5 6 |  6.0
Throwing       | 5 8 9 10 11 | 11.8
Axes           | 5 8 |  8.5
Dodging        | |  2.6
Shields        | |  0.5

Action                     |  1- 3 |  4- 6 |  7- 9 | 10-12 | 13-15 | 16-18 || total
---------------------------+-------+-------+-------+-------+-------+-------++-------
  Melee: Spear             |    22 |       |       |       |       |       ||    22
         Punch             |     2 |     2 |       |       |     2 |     2 ||     8
         Trident           |   103 |   140 |    13 |    23 |    50 |       ||   329
         Halberd           |       |       |   299 |   552 |   453 |       ||  1304
         Tailslap          |       |       |       |     2 |       |       ||     2
         Broad axe         |       |       |       |       |   187 |   229 ||   416
  Throw: Stone             |       |     6 |    10 |    13 |     1 |       ||    30
         Boomerang         |       |       |       |       |     1 |       ||     1
 Invoke: Berserk           |     1 |     5 |     5 |    11 |    17 |     6 ||    45
         Trog's Hand       |       |       |       |     5 |    13 |     2 ||    20
         Brothers in Arms  |       |       |       |       |     2 |       ||     2
  Evoke: Wand              |       |       |       |     1 |     2 |       ||     3
         Phial of floods   |       |       |       |       |       |     1 ||     1
    Use: Scroll            |       |       |    16 |    10 |     7 |       ||    33
         Potion            |       |       |       |     1 |     3 |       ||     4
   Stab: Distracted        |     1 |       |       |     1 |       |       ||     2
         Sleeping          |     1 |       |       |       |       |       ||     1
         Petrifying        |       |       |       |       |     3 |       ||     3
 Armour: Animal skin       |    18 |       |       |       |       |       ||    18
         Chain mail        |       |    46 |   107 |   105 |       |       ||   258
         Scale mail        |       |       |       |    77 |   173 |       ||   250
         Plate armour      |       |       |       |       |   268 |   111 ||   379
         Leather armour    |       |       |       |       |       |     6 ||     6
  Dodge: Dodged            |    47 |    47 |   108 |   243 |   319 |    60 ||   824
  Block: Kite shield       |       |       |       |       |       |     1 ||     1
